 Dungeon Crawl Stone Soup version 0.19.5 (webtiles) character file.

1224 JeffiDaFish the Cudgeler (level 8, -12/48 HPs)
             Began as a Gargoyle Fighter on Sept 5, 2017.
             Was an Initiate of Okawaru.
             Killed by divine providence
             ... invoked by an orc priest
              (13 damage)
             ... on level 6 of the Dungeon.
             The game lasted 00:14:43 (4863 turns).

JeffiDaFish the Cudgeler (Gargoyle Fighter)         Turns: 4863, Time: 00:14:44

Health: -12/48     AC: 17    Str: 21    XL:     8   Next: 47%
Magic:  8/8        EV:  6    Int:  8    God:    Okawaru [......]
Gold:   261        SH: 11    Dex: 11    Spells: 0 memorised, 7 levels left

rFire  + . .     SeeInvis .     a - +2 flail
rCold  . . .     Gourm    .     d - +0 chain mail
rNeg   + + .     Faith    .     c - +1 shield
rPois  ∞         Spirit   .     o - +0 helmet
rElec  +         Reflect  .     (no cloak)
rCorr  .         Harm     .     g - +0 pair of gloves
MR     .....                    (no boots)
Stlth  ..........               r - amulet of Satyriasis {+Fly Regen+}
                                l - ring of protection from fire
                                e - ring of positive energy

@: very slightly contaminated, hasted, very quick
A: negative energy resistance 1, electricity resistance, unbreathing,
petrification resistance, rot immunity, AC +5
a: Renounce Religion, Evoke Flight


You were on level 6 of the Dungeon.
You worshipped Okawaru.
Okawaru was noncommittal.
You were not hungry.

You visited 2 branches of the dungeon, and saw 7 of its levels.

You collected 261 gold pieces.

Inventory:

Hand Weapons
 a - a +2 flail (weapon)
Armour
 c - a +1 shield (worn)
 d - a +0 chain mail (worn)
 g - a +0 pair of gloves (worn)
 o - a +0 helmet (worn)
Jewellery
 e - a ring of positive energy (left hand)
 l - a ring of protection from fire (right hand)
 r - the amulet of Satyriasis (around neck) {+Fly Regen+}
   (You found it on level 4 of the Dungeon)

   [amulet of regeneration]

   It lets you fly.
   It increases your rate of regeneration.
Wands
 t - a wand of hasting (2/9)
Scrolls
 b - 5 scrolls of remove curse
 i - 3 scrolls of identify
 j - a scroll of recharging
 k - a scroll of fear
 m - 2 scrolls of enchant weapon
 p - 3 scrolls of teleportation
Potions
 v - a potion of berserk rage
Comestibles
 f - 4 bread rations
 h - 3 beef jerkies
 q - a meat ration
 s - 3 chunks of flesh
 u - 3 fruits


   Skills:
 + Level 4.5 Fighting
 + Level 6.6 Maces & Flails
 + Level 5.6 Armour
 + Level 1.8 Dodging
 + Level 1.2 Stealth
 + Level 6.2 Shields


You had 7 spell levels left.
You didn't know any spells.

Dungeon Overview and Level Annotations

Branches:
Dungeon (6/15)             Temple (1/1) D:5

Altars:
Fedhas
Gozag
Hepliaklqana
Makhleb
Okawaru
Qazlal
Trog
Xom


Innate Abilities, Weirdness & Mutations

You are resistant to torment.
Your stone body is resilient. (AC +5)
You are immune to poison.
You resist negative energy. (rN+)
You are resistant to electric shocks. (rElec)
You can survive without breathing.
You are immune to petrification.
You are immune to rotting.


Message History

You block the orc warrior's attack.
The bullfrog releases a deep croak.
You closely miss the orc warrior.
The orc warrior is severely wounded.
The orc warrior hits you with a scimitar!
You sock the orc warrior!
The orc warrior is almost dead.
The orc warrior hits you with a scimitar.
* * * LOW HITPOINT WARNING * * *
You are too injured to fight recklessly!
You are too injured to fight recklessly!
You are too injured to fight recklessly!
You are too injured to fight recklessly!
You feel yourself speed up.
The orc warrior hits you with a scimitar!
* * * LOW HITPOINT WARNING * * *
You are very lightly contaminated with residual magic.
The orc priest calls down the wrath of Beogh upon you.
Beogh smites you!
You die...

. .?..######## ###
...oFoo.@..############..
###.######..............#
####........#####
.........###.# .........#
#.# #........# #.# ##
#........###.###..
######.##....#...#
#............


You could see an orc warrior, a bullfrog, an orc priest and an orc.

Vanquished Creatures
  The ghost of Stocke the Conjurer, an amateur DECj (D:5)
  The ghost of CanyonRider2008 the Vandal, an amateur HaHu (D:3)
  A centaur (D:5)
  Blork the orc (D:5)
  A big kobold (D:5)
  5 wights (D:5)
  A howler monkey (D:4)
  A bullfrog zombie (D:5)
  A jelly (D:5)
  2 orc wizards (D:4)
  2 orc priests
  3 iguanas
  A worker ant (D:4)
  Robin (D:4)
  5 adders
  3 gnolls (D:3)
  2 shadow imps (D:6)
  3 oozes
  2 worms (D:3)
  2 dart slugs
  5 leopard geckos
  12 orcs
  2 ball pythons
  9 bats
  A giant cockroach (D:1)
  19 hobgoblins
  7 jackals
  15 kobolds
  2 quokkas
  5 frilled lizards
  16 goblins
  A quokka skeleton (D:4)
  18 rats
151 creatures vanquished.

Notes
Turn   | Place    | Note
-------+----------+-------------------------------------------
     0 | D:1      | JeffiDaFish the Gargoyle Fighter began the quest for the Orb.
     0 | D:1      | Reached XP level 1. HP: 14/14 MP: 1/1
   178 | D:1      | Reached XP level 2. HP: 19/19 MP: 2/2
   259 | D:1      | Reached XP level 3. HP: 10/23 MP: 3/3
  1055 | D:1      | Reached XP level 4. HP: 25/29 MP: 4/4
  1737 | D:3      | Noticed Robin
  1743 | D:3      | Reached XP level 5. HP: 27/33 MP: 5/5
  1852 | D:3      | Noticed CanyonRider2008's ghost (amateur HaHu)
  1857 | D:3      | Killed CanyonRider2008's ghost
  1857 | D:3      | Reached skill level 1 in Dodging
  2123 | D:3      | Reached XP level 6. HP: 37/38 MP: 6/6
  2130 | D:3      | Found a stormy altar of Qazlal.
  2130 | D:3      | Found a bloodstained altar of Trog.
  2137 | D:3      | Found a hazy altar of Hepliaklqana.
  2674 | D:4      | Reached skill level 1 in Stealth
  2683 | D:4      | Killed Robin
  2769 | D:4      | Found an opulent altar of Gozag.
  2807 | D:4      | Got an ancient garnet amulet
  2808 | D:4      | Identified the amulet of Satyriasis {+Fly Regen+} (You found it on level 4 of the Dungeon)
  3006 | D:4      | Reached skill level 5 in Shields
  3400 | D:4      | Reached XP level 7. HP: 43/43 MP: 7/7
  3546 | D:5      | Entered Level 5 of the Dungeon
  3546 | D:5      | Noticed Blork the orc
  3561 | D:5      | Killed Blork the orc
  3567 | D:5      | Reached skill level 5 in Maces & Flails
  3607 | D:5      | Reached skill level 5 in Armour
  3746 | D:5      | Reached XP level 8. HP: 48/48 MP: 8/8
  3764 | D:5      | Identified the +5 hand axe "Munkuaf" {chop, rC- Int+4 Dex+2 Stlth+} (You found it on level 5 of the Dungeon)
  3912 | D:5      | Noticed Stocke's ghost (amateur DECj)
  3922 | D:5      | Killed Stocke's ghost
  4685 | D:5      | Found a staircase to the Ecumenical Temple.
  4705 | Temple   | Entered the Ecumenical Temple
  4712 | Temple   | Became a worshipper of Warmaster Okawaru
  4805 | D:6      | Found a burning altar of Makhleb.
  4862 | D:6      | HP: 1/48 [orc warrior/scimitar (10)]
  4863 | D:6      | Killed from afar by an orc priest

Skill      XL: |  1  2  3  4  5  6  7  8 |
---------------+-------------------------+-----
Maces & Flails | 3 4 5 6 |  6.6
Shields        | 4 5 6 |  6.2
Armour         | 4 5 |  5.6
Fighting       | 4 |  4.5
Dodging        | 1 |  1.8
Stealth        | 1 |  1.2

Action                   |  1- 3 |  4- 6 |  7- 9 || total
-------------------------+-------+-------+-------++-------
Melee: Flail             |   140 |   235 |   176 ||   551
  Use: Scroll            |     2 |     8 |     3 ||    13
       Potion            |     2 |     6 |     4 ||    12
 Stab: Invisible         |       |       |     1 ||     1
  Eat: Chunk             |     1 |     8 |     5 ||    14
Armor: Scale mail        |   120 |    88 |       ||   208
       Chain mail        |       |    70 |    73 ||   143
Dodge: Dodged            |    61 |    88 |    30 ||   179
Block: Shield            |    99 |   150 |    97 ||   346
